 Dungeon Crawl Stone Soup version 0.28-a0-1286-g6bde065e89 (webtiles) character file.

Game seed: 17500730480102249343

8978 bearlyready the Cleaver (level 11, -3/99 (101) HPs)
             Began as a Minotaur Hunter on Dec 26, 2021.
             Was a High Priest of Okawaru.
             Killed from afar by an orc sorcerer (10 damage)
             ... with a bolt of negative energy
             ... on level 10 of the Dungeon.
             The game lasted 00:22:58 (16340 turns).

bearlyready the Cleaver (Minotaur Hunter)          Turns: 16340, Time: 00:22:59

HP:   -3/99 (101)   AC:  7    Str: 21    XL:     11   Next: 17%
MP:   24/24         EV: 11    Int:  8    God:    Okawaru [*****.]
Gold: 508           SH:  0    Dex: 11    Spells: 10/10 levels left

rFire   + . .      SeeInvis .   b - +4 hand axe "Mah Buf" {vorpal, Fly rCorr}
rCold   . . .      Faith    .   (no shield)
rNeg    + . .      Spirit   .   C - +1 ring mail {rN+}
rPois   +          Reflect  .   (helmet restricted)
rElec   .          Harm     .   e - scarf {repulsion}
rCorr   +          Rampage  .   z - +0 pair of gloves
Will    .....                   (no boots)
Stlth   +.........              (no amulet)
HPRegen 0.26/turn               v - ring "Qinu" {rPois MP+9}
MPRegen 0.19/turn               g - ring of protection from fire

@: lethally poisoned (-3 -> -16), about to teleport, spiked, flying, lightly
drained, repel missiles
A: horns 2, retaliatory headbutt
a: Renounce Religion, Heroism, Finesse, Duel


You were on level 10 of the Dungeon.
You worshipped Okawaru.
Okawaru was extremely pleased with you.
You visited 2 branches of the dungeon, and saw 11 of its levels.
You visited the Abyss 1 time.
You also visited: Bailey.

You collected 632 gold pieces.
You spent 124 gold pieces at shops.

Inventory:

Hand Weapons
 a - a +1 hand crossbow
 b - the +4 hand axe "Mah Buf" (weapon) {vorpal, Fly rCorr}
   (You found it on level 7 of the Dungeon)

   It inflicts extra damage upon your enemies.
   Fly:       It grants you flight.
   rCorr:     It protects you from acid and corrosion.
 E - a +0 short sword
 F - a +0 hand axe
 K - a +0 war axe
 L - a +1 whip of electrocution
 M - a +2 whip of venom
Missiles
 d - 88 bolts
 m - 57 poisoned darts
 q - 2 throwing nets (quivered)
Armour
 c - a +0 leather armour
 e - a scarf of repulsion (worn)
 w - a +0 buckler
 y - a +0 tower shield
 z - a +0 pair of gloves (worn)
 C - a +1 ring mail of positive energy (worn)
 H - a scarf of harm
Jewellery
 g - a ring of protection from fire (right hand)
 n - a ring of wizardry
 v - the ring "Qinu" (left hand) {rPois MP+9}
   (You bought it in a shop on level 3 of the Dungeon)

   [ring of magical power]

   rPois:     It protects you from poison.
   MP:        It affects your magic capacity (+9).
 G - a ring of ice
Wands
 B - a wand of paralysis (3)
 I - a wand of flame (70)
 J - a wand of digging (7)
Scrolls
 f - 4 scrolls of vulnerability {unknown}
 j - 2 scrolls of fog {unknown}
 k - a scroll of magic mapping {unknown}
 o - 3 scrolls of blinking {unknown}
 p - 8 scrolls of teleportation
 r - 2 scrolls of fear {unknown}
 t - 3 scrolls of enchant armour {unknown}
 x - 3 scrolls of brand weapon
 D - 3 scrolls of torment
 N - a scroll of enchant weapon {unknown}
 P - a scroll of amnesia {unknown}
 R - 2 scrolls of identify
Potions
 h - a potion of magic
 i - 5 potions of flight
 l - 2 potions of degeneration
 s - a potion of attraction {unknown}
 A - 2 potions of curing
 O - a potion of experience {unknown}
 Q - 2 potions of haste
 S - a potion of brilliance {unknown}
Miscellaneous
 u - a tin of tremorstones (inert)


   Skills:
 + Level 10.5 Fighting
 + Level 11.4 Axes
 + Level 11.1 Crossbows
 - Level 2.1 Dodging
 - Level 0.7 Stealth
 + Level 7.2 Invocations


You had 10 spell levels left.
You didn't know any spells.
Your spell library contained the following spells:

 Spells                   Type           Power      Damage    Failure   Level
 Foxfire                  Conj/Fire      0%         2x1d4     58%         1
 Conjure Flame            Conj/Fire      0%         6-21      91%         3
 Dazzling Flash           Conj/Hex       0%         N/A       91%         3
 Frozen Ramparts          Ice            0%         1d2       91%         3
 Inner Flame              Hex/Fire       0%         N/A       91%         3
 Ozocubu's Armour         Ice            0%         N/A       91%         3
 Flame Wave               Conj/Fire      0%         2d4       100%        4
 Ice Form                 Ice/Tmut       0%         N/A       100%        4
 Iskenderun's Mystic Bla  Conj/Tloc      0%         2d3       100%        4
 Metabolic Englaciation   Hex/Ice        0%         N/A       100%        5
 Starburst                Conj/Fire      0%         6d3       100%        6
 Summon Ice Beast         Ice/Summ       Unusable   N/A       N/A         4
 Simulacrum               Ice/Necr       Unusable   N/A       N/A         6

Dungeon Overview and Level Annotations

Branches:
Dungeon (10/15)            Temple (1/1) D:6            Lair (0/6) D:10
 Bailey (visited)
    Orc: D:9-12

Altars:
Ashenzari
Cheibriados
Dithmenos
Elyvilon
Fedhas
Gozag
Hepliaklqana
Kikubaaqudgha
Makhleb
Nemelex Xobeh
Okawaru
Qazlal
Ru
Sif Muna
Trog
Uskayaw
Vehumet
Wu Jian
Xom
Yredelemnul
Zin
The Shining One

Shops:
D:3 *   D:4 !   D:7 :

Portals:
Trove: D:10 (give 14 scrolls of teleportation)

Annotations:
D:7 2 transporters, flotson's ghost, novice DsGl


Innate Abilities, Weirdness & Mutations

You have a pair of horns on your head.
You reflexively headbutt those who attack you in melee.


Message History

You closely miss the orc sorcerer.
The orc sorcerer is severely wounded.
You feel very sick. The red devil barely misses you.
The orc sorcerer points at you and mumbles some strange words.
You resist with significant effort.
You hear an angry buzzing noise.
As you read the scroll of teleportation, it crumbles to dust.
You feel strangely unstable.
You feel sick.
You hear an angry buzzing noise.
The red devil closely misses you.
The orc sorcerer hits you with a +0 dagger of venom.
The barbs in your skin will harm you if you move.
Continue?
Okay, then.
The barbs in your skin will harm you if you move.
Continue?
Okay, then.
Unknown command.
You closely miss the orc sorcerer. Your headbutt misses the orc sorcerer.
The orc sorcerer is severely wounded.
You feel sick.
You hit the orc sorcerer.
The orc sorcerer is almost dead.
You feel sick.
The red devil hits you from afar with a +0 trident of distortion!
Barbed spikes become lodged in your body.
Space warps horribly around you!
* * * LOW HITPOINT WARNING * * *
The orc sorcerer hits you but does no damage.
You are more poisoned.
You feel very sick.
The red devil hits you from afar with a +0 trident of distortion!
* * * LOW HITPOINT WARNING * * *
Barbed spikes become lodged in your body.
You blink.
A hornet comes into view.
The orc sorcerer points at you and mumbles some strange words.
The bolt of negative energy hits the red devil.
The red devil completely resists.
The bolt of negative energy hits you! You partially resist.
You feel drained.
You die...

#..#.#...#....# #....
#..#.#####....#. #....
##.#..........#. #...)
#.#.#####....#. #. #....
#.#.#...#....#. .. #....
#.#.#.#.#....#. .. #....
##.#.#.#.#....#. .###.
#....
#..#...#.#....#.##......
#....
.#.#####.#....#.@.##
#..##
.#............#.....##
####
..#####.......##....y.y.
..# ###.....####..4y4y
## ### ####### ###o###
##. ###..ยง.## ##..
#.......## #...
#.........####...
##...............


You could see an ice devil (summoned), 4 hornets, an orc sorcerer and a red
devil (summoned).

Vanquished Creatures
  A centaur warrior (D:9)
  Nergalle (D:10)
  A wizard (D:10)
  3 kobold demonologists (D:10)
  A troll (D:9)
  2 wyverns
  2 wraiths (D:10)
  4 yaks
  A golden eye (Abyss:2)
  An acid dragon (D:8)
  A floating eye (D:10)
  A sky beast (D:5)
  A black bear (D:10)
  3 orc warriors
  3 necrophages
  4 ogres
  6 centaurs
  3 wolves (Bailey)
  A phantom (D:6)
  A kobold brigand (D:8)
  5 bullfrogs
  10 gnoll sergeants
  A scorpion (D:5)
  3 water moccasin skeletons
  6 killer bees (D:9)
  4 wights
  A howler monkey (D:8)
  A crimson imp (D:10)
  4 centaur zombies
  A bullfrog zombie (D:5)
  4 hounds
  3 orc priests
  A jelly (D:6)
  Jessica (D:2)
  6 gnoll shamans (Bailey)
  Ijyb (D:4)
  Terence (D:2)
  4 orc wizards
  3 iguanas
  3 killer bee zombies
  4 howler monkey zombies
  17 gnolls
  11 adders
  A shadow imp (D:8)
  3 white imps
  2 adder skeletons (D:4)
  3 worms
  2 dart slugs
  14 orcs
  5 ball pythons
  10 endoplasms
  3 giant cockroaches
  9 goblins
  3 hobgoblins
  3 jackals (D:4)
  21 kobolds
  4 quokkas
  7 bats
  6 frilled lizards
  4 rats
236 creatures vanquished.

Vanquished Creatures (others)
  A fungus (D:10)
1 creature vanquished.

Grand Total: 237 creatures vanquished

Notes
Turn   | Place    | Note
-------+----------+-------------------------------------------
     0 | D:1      | bearlyready the Minotaur Hunter began the quest for the
                  | Orb.
     0 | D:1      | Reached XP level 1. HP: 18/18 MP: 0/0
   165 | D:1      | Found a faded altar of an unknown god.
   275 | D:1      | Reached XP level 2. HP: 23/25 MP: 1/1
   536 | D:1      | You fall into a shaft and drop 1 floor!
  1180 | D:2      | Noticed Jessica
  1189 | D:2      | Reached skill level 5 in Crossbows
  1200 | D:2      | Killed Jessica
  1201 | D:2      | Reached XP level 3. HP: 15/33 MP: 2/2
  1372 | D:2      | Reached XP level 4. HP: 28/40 MP: 3/3
  1664 | D:2      | Noticed Terence
  1684 | D:2      | Killed Terence
  2428 | D:3      | Reached XP level 5. HP: 46/47 MP: 4/4
  2506 | D:3      | Found Jatiem's Assorted Antiques.
  2516 | D:3      | Bought a bound glass ring for 85 gold pieces
  2516 | D:3      | Identified the ring "Qinu" {rPois MP+9} (You bought it in a
                  | shop on level 3 of the Dungeon)
  3322 | D:4      | Noticed Ijyb
  3330 | D:4      | Paralysed by Ijyb for 7 turns
  3337 | D:4      | Killed Ijyb
  3338 | D:4      | Reached skill level 5 in Fighting
  3428 | D:4      | Found Neorito's Distillery.
  3447 | D:4      | Bought a potion of curing for 39 gold pieces
  3488 | D:4      | Noticed a necrophage
  3504 | D:4      | Killed a necrophage
  3505 | D:4      | Reached XP level 6. HP: 57/57 MP: 5/5
  3857 | D:4      | Reached XP level 7. HP: 37/64 MP: 6/6
  4685 | D:5      | Entered Level 5 of the Dungeon
  4754 | D:5      | Reached skill level 1 in Axes
  5365 | D:5      | Reached XP level 8. HP: 73/73 MP: 7/7
  5990 | D:6      | Reached skill level 5 in Axes
  6438 | D:6      | Found a basalt altar of Yredelemnul.
  6438 | D:6      | Found an iron altar of Okawaru.
  6620 | D:6      | Found a staircase to the Ecumenical Temple.
  6631 | Temple   | Entered the Ecumenical Temple
  6990 | D:6      | Became a worshipper of Warmaster Okawaru
  7297 | D:7      | Identified the +7 dagger of Plunder {holy, rN++ Int-5
                  | Dex+7}
  7388 | D:7      | Found a transporter.
  7414 | D:7      | Noticed flotson's ghost (novice DsGl)
  7429 | D:7      | Found a transporter.
  7456 | D:7      | Reached skill level 1 in Invocations
  8198 | D:7      | Found Utex's Book Boutique.
  8257 | D:7      | Reached XP level 9. HP: 73/77 MP: 10/10
  8551 | D:7      | Identified the +4 hand axe "Mah Buf" {vorpal, Fly rCorr}
  8855 | D:8      | Found a snail-covered altar of Cheibriados.
  8857 | D:8      | Found a shimmering altar of Xom.
  8869 | D:8      | Found a hide-covered altar of Uskayaw.
  8871 | D:8      | Found an opulent altar of Gozag.
  8871 | D:8      | Found a shimmering blue altar of Sif Muna.
  8894 | D:8      | Reached * piety under Okawaru
 10079 | D:9      | Noticed a centaur warrior
 10301 | D:9      | Killed a centaur warrior
 10301 | D:9      | Reached ** piety under Okawaru
 10302 | D:9      | Reached skill level 5 in Invocations
 10346 | D:9      | Found a flagged portal.
 10351 | Bailey   | Entered a bailey
 11094 | Bailey   | Reached XP level 10. HP: 26/90 MP: 12/12
 11506 | Bailey   | Reached skill level 10 in Axes
 11700 | Bailey   | Reached *** piety under Okawaru
 12299 | Bailey   | Reached skill level 10 in Crossbows
 14677 | D:10     | Entered Level 10 of the Dungeon
 14845 | D:10     | Found a portal to a secret trove of treasure.
 14951 | D:10     | Reached **** piety under Okawaru
 14977 | D:10     | Reached skill level 10 in Fighting
 15134 | D:10     | Noticed Nergalle
 15162 | D:10     | Killed Nergalle
 15326 | D:10     | Received a gift from Okawaru
 15327 | D:10     | Reached XP level 11. HP: 62/100 MP: 15/15
 15494 | D:10     | Found a staircase to the Lair.
 15504 | D:10     | Identified the +1 plate armour "Poroebokh" {*Slow rPois
                  | rF+++ rCorr}
 16070 | D:10     | Noticed a wizard
 16083 | D:10     | Cast into level 2 of the Abyss (a wizard)
 16109 | D:10     | Escaped the Abyss
 16116 | D:10     | Killed a wizard
 16116 | D:10     | Reached ***** piety under Okawaru
 16321 | D:10     | Noticed an orc sorcerer
 16326 | D:10     | Paralysed by a floating eye for 3 turns
 16340 | D:10     | Killed from afar by an orc sorcerer

Illustrated notes

Levels and vault maps discovered:
D:1:      roderic_crop_circles_arrival_small, layout_basic,
          basic_ecumenical_altar, minmay_door_square
D:2:      layout_rooms, uniq_terence, uniq_jessica
D:3:      layout_loops_ring, serial_shops, nicolae_square_shop
D:4:      layout_gridville, serial_shops, nicolae_shop_advertising_works
          [nicolae_subvault_shop_adworks], uniq_ijyb
D:5:      layout_loops_ring, minivault_14
D:6:      layout_loops_ring, gammafunk_temple_overflow_wave,
          minmay_temple_entry_fiery
D:7:      layout_cave_pods, gammafunk_ghost_stat_death, serial_shops,
          shop_fountains
D:8:      minmay_angry_zag, layout_basic, grunt_temple_overflow_open
D:9:      layout_basic, enter_bailey_3
D:10:     hellmonk_paralyzer, layout_cave_pods, grunt_lair_entry_orc_guard_hut,
          enter_trove_2, roderic_lattice_a, lightli_wizard_tower, uniq_nergalle
Temple:   regret_index_temple_generic_petals

Skill      XL: |  1  2  3  4  5  6  7  8  9 10 11 |
---------------+----------------------------------+-----
Fighting       | 3 4 5 6 7 8 10 | 10.5
Crossbows      | 5 6 7 8 9 10 11 | 11.1
Axes           | 3 8 9 11 | 11.4
Invocations    | 3 5 6 7 |  7.2
Dodging        | |  2.1
Stealth        | |  0.7

Action                   |  1- 3 |  4- 6 |  7- 9 | 10-12 || total
-------------------------+-------+-------+-------+-------++-------
Melee: Short sword       |    61 |   132 |       |       ||   193
       Headbutt          |     9 |    25 |    54 |    55 ||   143
       Whip              |       |     9 |   210 |       ||   219
       Hand axe          |       |       |   101 |   240 ||   341
 Fire: Hand crossbow     |     1 |    13 |    41 |     4 ||    59
Throw: Dart              |       |     1 |    25 |   113 ||   139
       Throwing net      |       |       |       |     5 ||     5
Invok: Heroism           |       |       |       |     1 ||     1
Evoke: Wand              |       |       |       |     1 ||     1
       Tin of tremorston |       |       |       |     2 ||     2
  Use: Scroll            |       |       |     7 |     1 ||     8
       Potion            |       |       |     5 |       ||     5
 Stab: Sleeping          |     1 |     1 |       |       ||     2
       Held in net/web   |       |       |       |     1 ||     1
Armor: Leather armour    |    11 |    21 |       |       ||    32
       Ring mail         |       |    22 |   107 |    70 ||   199
Dodge: Dodged            |    39 |    81 |   180 |   151 ||   451
       Repelled          |       |       |     2 |     1 ||     3

Table legend: (Time is in decaauts)
 A = Elapsed time spent in this place.
 B = Non-inter-level travel time spent in this place.
 C = Inter-level travel time spent in this place.
 D = Time resting spent in this place.
 E = Time spent auto-exploring this place.
 F = Levels seen in this place.
 G = Mean time per level.
                   A        B        C        D        E       F      G
               +--------+--------+--------+--------+--------+-----+--------+
         Total |  16284 |  15711 |    573 |   2017 |  11198 |  13 | 1252.6 |
       Dungeon |  13939 |  13395 |    544 |   1431 |  10037 |  10 | 1393.9 |
        Temple |    271 |    242 |     29 |      0 |    240 |   1 |  271.0 |
         Abyss |     25 |     25 |      0 |      0 |      1 |   1 |   25.0 |
        Bailey |   2047 |   2047 |      0 |    586 |    920 |   1 | 2047.0 |
               +--------+--------+--------+--------+--------+-----+--------+

Top non-repeatable levels by time:
     D:8: 2057 daAuts
  Bailey: 2047 daAuts
     D:9: 1684 daAuts
    D:10: 1609 daAuts
     D:7: 1602 daAuts
     D:4: 1571 daAuts
     D:6: 1182 daAuts
     D:2: 1151 daAuts
     D:5: 1097 daAuts
     D:3: 1064 daAuts
     D:1: 917 daAuts
  Temple: 271 daAuts
 Abyss:2: 25 daAuts
